 Dungeon Crawl Stone Soup version 0.29.0-4-gdea44cf6ec (webtiles) character file.

Game seed: 2290294854349809818

236 LynnLen the Sneak (level 5, -5/26 HPs)
             Began as a Spriggan Enchanter on Aug 27, 2022.
             Killed by nerve-wracking pain
             ... invoked by an orc priest
              (13 damage)
             ... on level 4 of the Dungeon.
             The game lasted 00:05:27 (2186 turns).

LynnLen the Sneak (Spriggan Enchanter)              Turns: 2186, Time: 00:05:28

Health: -5/26      AC:  2    Str:  4    XL:     5   Next: 77%
Magic:  21/21      EV: 17    Int: 25    God:
Gold:   113        SH:  0    Dex: 15    Spells: 4/12 levels left

rFire   . . .      SeeInvis +   a - +1 dagger
rCold   . . .      Faith    .   (no shield)
rNeg    . . .      Spirit   .   b - +0 robe
rPois   .          Reflect  .   (helmet restricted)
rElec   .          Harm     .   (no cloak)
rCorr   .          Rampage  .   (gloves unavailable)
Will    .....                   (boots unavailable)
Stlth   +++.......              (no amulet)
HPRegen 0.08/turn               q - +6 ring of intelligence
MPRegen 0.17/turn               j - ring of magical power

@: invisible, very quick
A: very small, no large weapons, unfitting armour, see invisible, speed 3
a: no special abilities


You were on level 4 of the Dungeon.
You visited 1 branch of the dungeon, and saw 3 of its levels.

You collected 113 gold pieces.

Inventory:

Hand Weapons
 a - a +1 dagger (weapon)
Armour
 b - a +0 robe (worn)
Jewellery
 j - a ring of magical power (right hand)
 o - a ring of poison resistance
 q - a +6 ring of intelligence (left hand)
Scrolls
 d - 2 scrolls of fear {unknown}
 e - a scroll of poison {unknown}
 f - a scroll of blinking {unknown}
 i - a scroll of enchant weapon {unknown}
 l - 2 scrolls of identify {unknown}
 m - a scroll of immolation {unknown}
 s - a scroll of teleportation {unknown}
Potions
 c - 2 potions of invisibility
 g - 4 potions of curing
 h - 2 potions of degeneration {unknown}
 k - a potion of magic {unknown}
 n - 2 potions of brilliance {unknown}
 p - 2 potions of cancellation {unknown}
 r - a potion of mutation {unknown}


   Skills:
 + Level 1.9 Fighting
 - Level 1.1 Short Blades
 - Level 2.6 Dodging
 + Level 6.0 Stealth
 + Level 4.1 Spellcasting
 + Level 4.8 Hexes
 + Level 1.6 Ice Magic


You had 4 spell levels left.
You knew the following spells:

 Your Spells              Type           Power      Damage    Failure   Level
a - Ensorcelled Hibernat  Hex/Ice        42%        N/A       3%          2
b - Confusing Touch       Hex            29%        N/A       3%          3
c - Tukima's Dance        Hex            29%        N/A       3%          3

Your spell library contained the following spells:

 Spells                   Type           Power      Damage    Failure   Level
 Magic Dart               Conj           20%        1d4       9%          1
 Dazzling Flash           Conj/Hex       34%        N/A       10%         3
 Call Imp                 Summ           5%         N/A       14%         2
 Gell's Gravitas          Tloc           5%         N/A       26%         3
 Mephitic Cloud           Conj/Pois/Air  5%         N/A       26%         3
 Teleport Other           Tloc           5%         N/A       26%         3
 Dispersal                Tloc           2%         N/A       100%        6


Dungeon Overview and Level Annotations

Branches:
Dungeon (2/15)

Altars:


Innate Abilities, Weirdness & Mutations

You are very small and have problems with some larger weapons.
You are too small for most types of armour.
You have supernaturally acute eyesight. (SInv)
You cover ground extremely quickly. (Speed+++)


Message History

You see here a quokka corpse.
An orc comes into view. It is wielding a +0 whip.
An orc comes into view. It is wielding a +0 mace.
You hit the orc priest.
The orc priest is lightly wounded.
The orc shouts! x2
The orc priest hits you with a +0 hand axe!
You completely miss the orc priest.
The orc priest is lightly wounded.
The orc priest hits you with a +0 hand axe!
The orc shouts!
You hit the orc priest.
The orc priest is moderately wounded.
The orc priest hits you with a +0 hand axe.
* * * LOW HITPOINT WARNING * * *
The orc closely misses you.
You hit the orc priest but do no damage.
The orc priest is moderately wounded.
The orc barely misses you.
You hit the orc.
The orc is lightly wounded.
You fade into invisibility!
The orc priest calls down the wrath of Beogh upon you.
The orc writhes in agony.
The orc dies!
The orc closely misses you. The orc barely misses you.
The orc suddenly grunts.
You see here a quokka corpse.
You hear the hiss of a very distant avalanche of sand.
The orc priest mumbles some strange prayers to Beogh against something.
The orc writhes in agony.
You see here a book of Minor Magic.
You pick up a book of Minor Magic and begin reading...
You add the spells Magic Dart, Call Imp and Mephitic Cloud to your library.
The orc shouts!
The orc priest invokes the aid of Beogh against you.
Pain shoots through your body!
Ouch! That really hurt!
You die...

#....................#
#............<.......#
#....................#
#.........>..........##
#
#.........########....#
# ######....# #....# #
#....# #....# # #....+
#....# + #...@#
#....#### #....#
##....... #....#
#....... #....#
+....... #....#
#....... +.oo.#
######## #†..o# #....#
#....#


You could see an orc priest (unable to see you) and 2 orcs.

Vanquished Creatures
  A phantom (D:4)
  3 gnolls (D:2)
  An adder (D:2)
  A worm (D:2)
  A dart slug (D:1)
  4 bats
  7 endoplasms
  3 giant cockroaches
  A hobgoblin (D:2)
  2 jackals (D:1)
  A quokka (D:4)
  4 ball pythons
  4 frilled lizards
  4 kobolds
  6 rats
43 creatures vanquished.

Vanquished Creatures (collateral kills)
  An ogre (D:2)
1 creature vanquished.

Vanquished Creatures (others)
  An orc (D:4)
1 creature vanquished.

Grand Total: 45 creatures vanquished

Notes
Turn   | Place    | Note
-------+----------+-------------------------------------------
     0 | D:1      | LynnLen the Spriggan Enchanter began the quest for the Orb.
     0 | D:1      | Reached XP level 1. HP: 9/9 MP: 5/5
   206 | D:1      | Reached XP level 2. HP: 14/14 MP: 6/6
   211 | D:1      | Learned a level 2 spell: Ensorcelled Hibernation
  1044 | D:2      | Noticed an ogre
  1050 | D:2      | Reached XP level 3. HP: 13/17 MP: 8/8
  1057 | D:2      | Reached skill level 1 in Fighting
  1095 | D:2      | Learned a level 3 spell: Confusing Touch
  1099 | D:2      | Learned a level 3 spell: Tukima's Dance
  1166 | D:2      | Killed an ogre
  1167 | D:2      | Reached skill level 5 in Stealth
  1167 | D:2      | Reached skill level 1 in Ice Magic
  1167 | D:2      | Reached XP level 4. HP: 22/22 MP: 5/10
  1685 | D:2      | Reached XP level 5. HP: 25/25 MP: 8/11
  1994 | D:2      | You fall into a shaft and drop 2 floors!
  2033 | D:4      | Noticed a phantom
  2058 | D:4      | Killed a phantom
  2059 | D:4      | Reached skill level 6 in Stealth
  2186 | D:4      | Killed from afar by an orc priest

Illustrated notes

Levels and vault maps discovered:
D:1:      dpeg_arrival_short_road, layout_basic
D:2:      layout_loops_corners, minmay_fractal_squares_5
D:4:      layout_gridville, chequers_ossuary_entry_cave

Skill      XL: |  1  2  3  4  5 |
---------------+----------------+-----
Spellcasting   | 3 4 |  4.1
Hexes          | 4 |  4.8
Fighting       | 1 |  1.9
Stealth        | 5 6 |  6.0
Ice Magic      | 1 |  1.6
Short Blades   | |  1.1
Dodging        | |  2.6

Action                   |  1- 3 |  4- 6 || total
-------------------------+-------+-------++-------
Melee: Dagger            |    77 |    38 ||   115
 Cast: Tukima's Dance    |     1 |       ||     1
       Ensorcelled Hiber |       |     7 ||     7
       Confusing Touch   |       |     1 ||     1
  Use: Potion            |       |     2 ||     2
 Stab: Sleeping          |     9 |     9 ||    18
       Distracted        |       |     1 ||     1
       Confused          |       |     2 ||     2
Armor: Robe              |    10 |     1 ||    11
Dodge: Dodged            |    64 |    19 ||    83
